 Dungeon Crawl Stone Soup version 0.18.1-48-g4cf74bf (webtiles) character file.

249 Krapule the Shield-Bearer (level 5, -3/47 HPs)
             Began as a Minotaur Fighter on June 24, 2016.
             Was an Initiate of the Shining One.
             Killed by divine providence
             ... invoked by an orc priest
              (12 damage)
             ... on level 4 of the Dungeon.
             The game lasted 00:09:22 (3556 turns).

Krapule the Shield-Bearer (Minotaur Fighter)        Turns: 3556, Time: 00:09:25

Health: -3/47      AC:  9    Str: 21    XL:     5   Next: 87%
Magic:  4/4        EV:  6    Int:  5    God:    the Shining One [......]
Gold:   244        SH:  0    Dex: 10    Spells: 0 memorised, 4 levels left

rFire  . . .     SeeInvis .     a - +0 long sword
rCold  + . .     Gourm    .     b - +0 scale mail
rNeg   . . .     Faith    .     v - +0 large shield
rPois  .         Spirit   .     (helmet restricted)
rElec  .         Dismiss  .     w - +0 cloak
rCorr  .         Reflect  .     (no gloves)
SustAt .         Harm     .     e - +0 pair of boots
MR     .....                    o - amulet of inaccuracy (curse)
Stlth  ..........               (no ring)
                                h - ring of protection from cold

@: confused, glowing, not resistant to hostile enchantments, extremely
unstealthy
A: retaliatory headbutt, horns 2
a: Renounce Religion


You were on level 4 of the Dungeon.
You worshipped the Shining One.
The Shining One was noncommittal.
You were hungry.

You visited 2 branches of the dungeon, and saw 5 of its levels.

You collected 244 gold pieces.

Inventory:

Hand Weapons
 a - a +0 long sword (weapon)
Armour
 b - a +0 scale mail (worn)
 e - a +0 pair of boots (worn)
 v - a +0 large shield (worn)
 w - a +0 cloak (worn)
Jewellery
 h - a ring of protection from cold (left hand)
 o - a cursed amulet of inaccuracy (around neck)
Wands
 p - a wand of polymorph (12/24)
 q - a wand of confusion (21/48)
Scrolls
 l - a scroll of recharging
 u - a scroll of teleportation
Potions
 c - a potion of mutation
 d - 2 potions of might
 k - a potion of cure mutation
 m - a potion of beneficial mutation
 n - 2 potions of flight
 t - 2 potions of resistance
 x - 2 potions of berserk rage {unknown}
Books
 s - a book of Ice

   Spells                             Type                      Level
   a - Ice Form                       Ice/Transmutation            4
   b - Metabolic Englaciation         Hexes/Ice                    5
   c - Ozocubu's Refrigeration        Ice                          6
   d - Bolt of Cold                   Conjuration/Ice              6
   e - Freezing Cloud                 Conjuration/Ice/Air          6
   f - Simulacrum                     Ice/Necromancy               6
Comestibles
 f - 7 bread rations
 g - a meat ration
 r - 3 beef jerkies


   Skills:
 + Level 4.6 Fighting
 + Level 4.1 Long Blades
 + Level 4.6 Armour
 + Level 2.5 Dodging
 + Level 5.0 Shields


You had 4 spell levels left.
You didn't know any spells.

Dungeon Overview and Level Annotations

Branches:
Dungeon (4/15)             Temple (1/1) D:4

Altars:
Cheibriados
Kikubaaqudgha
Pakellas
Qazlal
Sif Muna
Vehumet
Xom
Yredelemnul
Zin
The Shining One


Innate Abilities, Weirdness & Mutations

You reflexively headbutt those who attack you in melee.
You have a pair of horns on your head.


Message History

Drink which item? (? for menu, Esc to quit)
You feel better. The worm bites you but does no damage.
Something hits you but does no damage.
You hear some strange, mumbled words.
You are confused.
You bump into the rock wall.
The worm bites you but does no damage. The worm barely misses you.
You bump into the rock wall.
The orc priest invokes the aid of Beogh against you.
Beogh smites you!
* * * LOW HITPOINT WARNING * * *
You're too confused to move!
Something hits you but does no damage. The worm bites you but does no damage.
You feel less confused.
You hear some strange, mumbled words.
You are confused.
The worm closely misses you.
The orc priest calls down the wrath of Beogh upon you.
Beogh smites you!
You die...

#.##.# *..#********
####.##.#######..#####* ******
###....##.)........#....****,,,,*
....................w...,,,,,,,>*
............###....#.#..****,**,*
....#.####...##.#....#,,,,,,,,*,*
#####....#.#[##.#.####,**********
# #...##....#ow.#***+****** #
###.#####.#{@.#*,,,,,,,,*
#######.....#.#...#*,,,,,,,,*
...##....##.#.#####*,,,,,,,,*
##.##....##.#..# *.....,,,*
#.##....##....## *#...#****
##.......'..##..# #...#
.........##.###.# #...#
([...######.# #.# #...# .....#
#....# #.## #...#


You could see a worm and an orc priest.

Vanquished Creatures
  A scorpion (D:4)
  An orc priest (D:4)
  Terence (D:3)
  A worker ant zombie (D:4)
  3 gnolls (D:4)
  An adder (D:4)
  2 worms
  A dart slug (D:2)
  4 giant geckos
  4 orcs (D:4)
  3 ball pythons
  11 giant cockroaches
  6 goblins
  5 hobgoblins
  7 jackals
  8 bats
  A giant newt (D:1)
  11 kobolds
  12 rats
  A bush (D:1)
  A plant (D:2)
85 creatures vanquished.

Vanquished Creatures (others)
  A bat (D:2)
  A kobold (D:2)
2 creatures vanquished.

Grand Total: 87 creatures vanquished

Notes
Turn   | Place    | Note
--------------------------------------------------------------
     0 | D:1      | Krapule the Minotaur Fighter began the quest for the Orb.
     0 | D:1      | Reached XP level 1. HP: 19/19 MP: 0/0
   297 | D:1      | Reached XP level 2. HP: 23/27 MP: 1/1
   319 | D:1      | Reached skill level 4 in Shields
   767 | D:1      | Reached skill level 1 in Dodging
   866 | D:1      | Reached XP level 3. HP: 33/33 MP: 2/2
  1240 | D:2      | Found a radiant altar of Vehumet.
  1943 | D:3      | Noticed Terence
  1950 | D:3      | Killed Terence
  1950 | D:3      | Reached XP level 4. HP: 40/40 MP: 3/3
  1967 | D:3      | Found a glowing silver altar of Zin.
  2617 | D:4      | Reached XP level 5. HP: 40/47 MP: 4/4
  2654 | D:4      | Found an ancient bone altar of Kikubaaqudgha.
  3279 | D:4      | Reached skill level 5 in Shields
  3446 | D:4      | Found a staircase to the Ecumenical Temple.
  3457 | Temple   | Entered the Ecumenical Temple
  3472 | Temple   | Became a worshipper of the Shining One
  3556 | D:4      | Killed from afar by an orc priest

Skill      XL: |  1  2  3  4  5 |
---------------+----------------+-----
Shields        | 4 5 |  5.0
Long Blades    | 3 4 |  4.1
Dodging        | 1 2 |  2.5
Fighting       | 4 |  4.6
Armour         | 4 |  4.6

Action                   |  1- 3 |  4- 6 || total
-------------------------+-------+-------++-------
Melee: Long sword        |   164 |   150 ||   314
       Headbutt          |    36 |    20 ||    56
  Use: Scroll            |     3 |     7 ||    10
       Potion            |       |     1 ||     1
  Eat: Chunk             |     3 |     5 ||     8
Armor: Scale mail        |    55 |    57 ||   112
Dodge: Dodged            |    49 |    46 ||    95
Block: Shield            |    67 |    13 ||    80
       Large shield      |       |    74 ||    74
